 Dungeon Crawl Stone Soup version 0.29-a0-885-gb26ba3297d (webtiles) character file.

Game seed: 7532135485062971890

133 kevlar127 the Ruffian (level 4, -6/45 HPs)
             Began as a Troll Berserker on July 20, 2022.
             Was a Believer of Trog.
             Mangled by Sigmund
             ... wielding a +0 scythe
              (11 damage)
             ... on level 3 of the Dungeon.
             The game lasted 00:02:37 (1389 turns).

kevlar127 the Ruffian (Troll Berserker)             Turns: 1389, Time: 00:02:38

Health: -6/45      AC:  4    Str: 27    XL:     4   Next: 93%
Magic:  3/3        EV: 10    Int:  3    God:    Trog [**....]
Gold:   148        SH:  5    Dex:  9    Spells: 3/3 levels left

rFire   . . .      SeeInvis .     - Unarmed
rCold   . . .      Faith    .   (no shield)
rNeg    . . .      Spirit   .   a - +0 animal skin
rPois   .          Reflect  +   (helmet restricted)
rElec   .          Harm     .   (no cloak)
rCorr   .          Rampage  .   (gloves unavailable)
Will    .....                   (boots unavailable)
Stlth   +.........              g - amulet of reflection
HPRegen 0.95/turn               (no ring)
MPRegen 0.08/turn               (no ring)

@: on berserk cooldown, slowed, very slow
A: large, unfitting armour, claws 3, regeneration 1, shaggy fur 1, tough skin 1
a: Renounce Religion, Berserk, Trog's Hand


You were on level 3 of the Dungeon.
You worshipped Trog.
Trog was pleased with you.
You visited 1 branch of the dungeon, and saw 3 of its levels.

You collected 148 gold pieces.

Inventory:

Armour
 a - a +0 animal skin (worn)
Jewellery
 g - an amulet of reflection (around neck)
Scrolls
 d - a scroll of enchant armour {unknown}
 e - a scroll of amnesia {unknown}
 f - a scroll of fog {unknown}
 h - a scroll of poison {unknown}
 k - 3 scrolls of identify {unknown}
 l - a scroll of immolation {unknown}
 m - a scroll of teleportation {unknown}
Potions
 b - 3 potions of lignification {unknown}
 c - a potion of berserk rage {unknown}
 i - a potion of attraction {unknown}
 j - 2 potions of curing {unknown}


   Skills:
 + Level 3.5 Fighting
 - Level 3.0 Dodging
 + Level 4.2 Unarmed Combat


You had 3 spell levels left.
You didn't know any spells.
Your spell library was empty.

Dungeon Overview and Level Annotations

Branches:
Dungeon (3/15)

Altars:

Shops:
D:3 *

Annotations:
D:3 Sigmund


Innate Abilities, Weirdness & Mutations

You are too large for most types of armour.
You have claws for hands.
Your natural rate of healing is unusually fast.
You are covered in fur. (AC +1)
You have tough skin. (AC +1)


Message History

You claw the kobold!
You kill the kobold!
Trog accepts your kill. The goblin hits you but does no damage.
Sigmund the Dreaded comes into view.
He is wielding a +0 scythe.
The goblin closely misses you. You block the goblin's attack.
Things that are here:
a +0 whip; a kobold corpse Sigmund shouts!
You scratch the goblin.
The goblin is almost dead.
Sigmund casts a spell.
Sigmund flickers and vanishes!
Deactivating autopickup; reactivate with Ctrl-A.
You block the goblin's attack.
You closely miss the goblin.
The goblin is almost dead.
The goblin misses you. The goblin closely misses you.
You barely miss the goblin.
The goblin is almost dead.
You feel the effects of Trog's Hand fading.
The goblin hits you but does no damage.
You claw the goblin!
You kill the goblin!
Trog accepts your kill. Something hits you.
Things that are here:
a +0 mace; 9 stones; a goblin corpse You start resting.
Your skin stops crawling.
You feel less strong-willed. Something hits you!
You start resting.
Something hits you!
* * * LOW HITPOINT WARNING * * *
You start resting.
Something hits you!
* * * LOW HITPOINT WARNING * * *
You start resting.
You hear some strange, mumbled words.
Something tries to affect you, but you resist.
Something hits you!
You die...

#####.####......#####.#
#........#......'.....#
#........#......#######
###........#....).#
...........#....).######
...........'....[........
..........##....)......##
..........##....)......#
..........##....@......#
.†.....................+
############...........#
# #...........# #
#...........# #
.......!.....# #
..............# #
...########.#..


There were no monsters in sight!

Vanquished Creatures
  A hound (D:3)
  5 gnolls
  An adder (D:2)
  A worm (D:3)
  A dart slug (D:3)
  An orc (D:3)
  An endoplasm (D:2)
  2 giant cockroaches
  6 hobgoblins
  A quokka (D:2)
  8 ball pythons
  4 bats
  A frilled lizard (D:2)
  5 goblins
  3 kobolds
  3 rats
44 creatures vanquished.

Notes
Turn   | Place    | Note
-------+----------+-------------------------------------------
     0 | D:1      | kevlar127 the Troll Berserker began the quest for the Orb.
     0 | D:1      | Reached XP level 1. HP: 22/22 MP: 0/0
   133 | D:1      | Found a faded altar of an unknown god.
   266 | D:1      | Reached XP level 2. HP: 22/29 MP: 1/1
   652 | D:2      | Reached XP level 3. HP: 36/36 MP: 2/2
   694 | D:2      | Reached ** piety under Trog
  1287 | D:3      | Found Fiujanol's Assorted Antiques.
  1353 | D:3      | Reached XP level 4. HP: 34/45 MP: 3/3
  1365 | D:3      | Reached skill level 4 in Unarmed Combat
  1380 | D:3      | Noticed Sigmund
  1389 | D:3      | Mangled by Sigmund

Illustrated notes

Levels and vault maps discovered:
D:1:      wander_arrival_estate, layout_rooms,
          dreamdust_ecumenical_altar_angels_and_demons, palyth_stone_intersect
D:2:      layout_loops_ring, kennysheep_generic_room_3
D:3:      layout_basic, serial_shops, shop_fountains, uniq_sigmund

Skill      XL: |  1  2  3  4 |
---------------+-------------+-----
Fighting       | 3 |  3.5
Dodging        | 3 |  3.0
Unarmed Combat | 4 |  4.2

Action                   |  1- 3 |  4- 6 || total
-------------------------+-------+-------++-------
Melee: Unarmed           |    85 |    26 ||   111
Invok: Berserk           |       |     1 ||     1
       Trog's Hand       |       |     1 ||     1
Armor: Animal skin       |    33 |     5 ||    38
Dodge: Dodged            |    36 |    24 ||    60
Block: Other             |     1 |    13 ||    14
       Reflection        |       |     1 ||     1

Table legend: (Time is in decaauts)
 A = Elapsed time spent in this place.
 B = Non-inter-level travel time spent in this place.
 C = Inter-level travel time spent in this place.
 D = Time resting spent in this place.
 E = Time spent auto-exploring this place.
 F = Levels seen in this place.
 G = Mean time per level.
                   A        B        C        D        E       F      G
               +--------+--------+--------+--------+--------+-----+--------+
         Total |   1382 |   1345 |     37 |      0 |   1101 |   3 |  460.7 |
       Dungeon |   1382 |   1345 |     37 |      0 |   1101 |   3 |  460.7 |
               +--------+--------+--------+--------+--------+-----+--------+

Top non-repeatable levels by time:
     D:2: 644 daAuts
     D:1: 583 daAuts
     D:3: 153 daAuts
